 Dungeon Crawl Stone Soup version 0.17.0-9-g801d43b (console) character file.

166 gw the Chucker (level 5, 0/50 HPs)
             Began as a Troll Hunter on Nov 9, 2015.
             Slain by a worker ant (3 damage)
             ... on level 4 of the Dungeon.
             The game lasted 00:03:11 (2888 turns).

gw the Chucker (Troll Hunter)                       Turns: 2888, Time: 00:03:11

Health: 0/50       AC:  5    Str: 20    XL:     5   Next: 22%
Magic:  4/4        EV: 10    Int:  7    God:
Gold:   125        SH:  0    Dex: 11    Spells: 0 memorised, 4 levels left

rFire  . . .     SeeInvis .     c - +0 short sword
rCold  . . .     Clarity  .     d - +0 robe
rNeg   . . .     SustAt   .     (no shield)
rPois  .         Gourm    +     (helmet restricted)
rElec  .         Spirit   .     (no cloak)
rCorr  .         Warding  .     (gloves unavailable)
rMut   .         Stasis   .     (boots unavailable)
MR     .....                    (no amulet)
Stlth  +.........               (no ring)
                                (no ring)

@: lethally poisoned (0 -> -19), not resistant to hostile enchantments, very
unstealthy
A: unfitting armour, claws 3, fast metabolism 3, gourmand, regeneration 2,
shaggy fur 1, tough skin 2
a: no special abilities


You were on level 4 of the Dungeon.
You were completely stuffed.

You visited 1 branch of the dungeon, and saw 4 of its levels.

You collected 125 gold pieces.

Inventory:

Hand Weapons
 c - a +0 short sword (weapon)
Missiles
 a - 3 large rocks (quivered)
 b - 2 throwing nets
 f - 81 stones
 g - 17 poisoned needles
Armour
 d - a +0 robe (worn)
Comestibles
 e - 3 bread rations


   Skills:
 + Level 2.3 Fighting
 * Level 4.7 Throwing
 + Level 2.3 Dodging
 - Level 0.4 Stealth
 + Level 2.0 Unarmed Combat


You had 4 spell levels left.
You didn't know any spells.

Dungeon Overview and Level Annotations

Branches:
Dungeon (4/15)
 Temple: D:4-7

Altars:

Annotations:
D:4 bftschaos's ghost, amateur DsAK


Innate Abilities, Weirdness & Mutations

You are too large for most types of armour.
You have claws for hands.
Your metabolism is lightning-fast.
You like to eat raw meat.
You heal very quickly.
You are covered in fur (AC +1).
You have very tough skin (AC +2).


Message History

Unknown command.
MOVING TO (-5,-7)
You feel sick.
The worker ant bites you but does no damage.
The worker ant barely misses you. The jackal closely misses you.
Unknown command.
Unknown command.
Unknown command.
MOVING TO (-4,-6)
You feel sick. The worker ant bites you. The worker ant bites you.
You are more poisoned.
The worker ant poisons you!
Unknown command.
Unknown command.
Unknown command.
MOVING TO (-3,-5)
You feel sick. The scorpion stings you.
You are more poisoned.
The scorpion poisons you! The worker ant bites you.
You die...

#..... #..... #.....
#....(
#.....#############
#.............#.o.##
#...........).#....##
#Tsh....o....o.#
#Wahh.o..#...#.o..
#a...w...#.#.#####
#..o.......#s#
########..#..#
..##.## ..# .# ..# .#
#..#


You could see a worm, a scorpion, 2 worker ants, an orc wizard, bftschaos's
ghost, 2 orcs and 3 jackals.

Table legend:
 A = Turns spent in this place as a percentage of turns spent in the entire game.
 B = Non-inter-level travel turns spent in this place as a percentage of non-inter-level travel turns spent in the entire game.
 C = Inter-level travel turns spent in this place as a percentage of turns spent in this place.
 D = Turns resting spent in this place as a percentage of non-inter-level travel turns spent in this place.
 E = Turns spent auto-exploring this place as a percentage of non-inter-level travel turns spent in this place.
 F = Non-inter-level travel turns spent in this place divided by the number of levels of this place that you've seen.
                   A       B       C       D       E      F
               +-------+-------+-------+-------+-------+----------------------
         Total | 100.0 | 100.0 |   0.9 |   0.5 |   1.8 | 1272.5
       Dungeon | 100.0 | 100.0 |   0.9 |   0.5 |   1.8 | 1272.5
               +-------+-------+-------+-------+-------+----------------------

Table legend:
 A = Kills in this place as a percentage of kills in entire the game.
 B = Kills by you in this place as a percentage of kills by you in the entire game.
 C = Kills by friends in this place as a percentage of kills by friends in the entire game.
 D = Other kills in this place as a percentage of other kills in the entire game.
 E = Experience gained in this place as a percentage of experience gained in the entire game.
 F = Experience gained in this place divided by the number of levels of this place that you have seen.
                   A       B       C       D       E      F
               +-------+-------+-------+-------+-------+----------------------
         Total | 100.0 | 100.0 |  -nan |  -nan | 100.0 |  59.5
       Dungeon | 100.0 | 100.0 |  -nan |  -nan | 100.0 |  59.5
               +-------+-------+-------+-------+-------+----------------------

Vanquished Creatures
  Ijyb (D:3)
  7 adders
  An ooze (D:2)
  3 worms
  An orc (D:3)
  10 bats
  2 giant cockroaches
  4 goblins
  7 hobgoblins
  2 quokkas (D:3)
  2 ball pythons
  5 giant newts
  7 kobolds
  8 rats
60 creatures vanquished.

Notes
Turn   | Place    | Note
--------------------------------------------------------------
     0 | D:1      | gw the Troll Hunter began the quest for the Orb.
     0 | D:1      | Reached XP level 1. HP: 19/19 MP: 0/0
   273 | D:1      | Reached XP level 2. HP: 28/28 MP: 1/1
  1061 | D:1      | Reached skill level 4 in Throwing
  1107 | D:1      | Reached XP level 3. HP: 35/35 MP: 2/2
  1340 | D:2      | Reached skill level 1 in Unarmed Combat
  1461 | D:2      | Reached XP level 4. HP: 39/42 MP: 3/3
  2422 | D:3      | Noticed Ijyb
  2458 | D:3      | Killed Ijyb
  2458 | D:3      | Reached XP level 5. HP: 39/50 MP: 4/4
  2876 | D:4      | Noticed bftschaos's ghost (amateur DsAK)
  2888 | D:4      | Slain by a worker ant

Action                   |  1- 3 |  4- 6 || total
-------------------------+-------+-------++-------
Melee: Short sword       |    64 |    86 ||   150
Throw: Large rock        |    35 |    19 ||    54
       Stone             |    42 |    81 ||   123
  Eat: Chunk             |    15 |    17 ||    32

Vault maps used:
D:1:      lightli_arrival_lavapool, corexii_hall_statues_t, patterned_corridor
D:3:      first_bread, uniq_iyjb
D:4:      nicolae_dithmenos_through_a_glass_darkly, zin_statuary,
          uniq_blork_the_orc, uniq_pikel, uniq_natasha
